 Dungeon Crawl Stone Soup version 0.27.1 (webtiles) character file.

Game seed: 5570878900947733559

631330 Gwenloh the Executioner (level 27, -12/264 HPs)
             Began as a Minotaur Berserker on Sept 1, 2021.
             Was a High Priest of Trog.
             Mangled by an Orb Guardian (46 damage)
             ... on level 5 of the Realm of Zot on Sept 2, 2021.
             The game lasted 06:37:34 (80975 turns).

Gwenloh the Executioner (Minotaur Berserker)       Turns: 80975, Time: 06:37:35

Health: -12/264    AC: 31    Str: 27    XL:     27
Magic:  7/7        EV: 20    Int:  6    God:    Trog [*****.]
Gold:   2177       SH:  5    Dex: 22    Spells: 26/26 levels left

rFire    + . .     SeeInvis +   a - +9 executioner's axe (antimagic)
rCold    + + +     Faith    .   (shield currently unavailable)
rNeg     + . .     Spirit   .   k - +1 gold dragon scales
rPois    +         Reflect  +   P - +0 hat {Will+}
rElec    .         Harm     .   K - scarf {rC+ rF+}
rCorr    .         Rampage  .   p - +2 pair of gloves
Will     +++..                  G - -1 pair of boots "Ykhlyitwy" {rPois Regen+ Str+2}
Stlth    ..........             S - amulet of reflection
HPRegen  1.54/turn              Q - ring "Wuxkutz" {rF- rC+ rN+ Dex+6 Slay+2}
MPRegen  0.10/turn              s - ring of see invisible

@: hasted, studying Fire Magic, very quick
A: horns 2, retaliatory headbutt, beak, clumsy 1
}: 3/15 runes: serpentine, barnacled, silver
a: Renounce Religion, Berserk, Trog's Hand, Brothers in Arms


You were on level 5 of the Realm of Zot.
You worshipped Trog.
Trog was extremely pleased with you.
You visited 8 branches of the dungeon, and saw 46 of its levels.
You visited the Abyss 1 time.
You also visited: Bailey and Volcano.

You collected 7154 gold pieces.
You spent 4977 gold pieces at shops.

Inventory:

Hand Weapons
 a - a +9 antimagic executioner's axe (weapon)
 b - the +8 storm bow {elec, penet}
   (You bought it in a shop on level 2 of the Snake Pit)

   Any ammunition fired from it occasionally discharges a powerful burst of
   electricity upon striking a foe.
   Any ammunition fired by it passes through the targets it hits, potentially
   hitting all targets in its path until it reaches maximum range.
 D - the +6 arbalest "Fezut" {elec, Dex+2}
   (You took it off a vault warden on level 5 of the Vaults)

   Any ammunition fired from it occasionally discharges a powerful burst of
   electricity upon striking a foe.
   Dex:       It affects your dexterity (+2).
 V - the +8 frozen axe "Frostbite" {freezing cloud, *Noise Fly rC+}
   (You found it on level 10 of the Dungeon)

   It freezes those it strikes, dealing additional cold damage.
   It can also slow down cold-blooded creatures.
   It occasionally leaves clouds of freezing vapour upon striking a foe.
   It grants immunity to clouds of freezing vapour.
   rC:        It protects you from cold.
   Fly:       It grants you flight.
   *Noise:    It may make noises in combat.
 W - a +3 executioner's axe of flaming
Missiles
 r - 15 throwing nets (quivered)
 x - 1253 bolts
 L - 651 arrows
Armour
 k - +1 gold dragon scales (worn)
 p - a +2 pair of gloves (worn)
 F - a +4 plate armour of fire resistance
 G - the -1 pair of boots "Ykhlyitwy" (worn) {rPois Regen+ Str+2}
   (You acquired it on level 2 of the Vaults)

   Str:       It affects your strength (+2).
   rPois:     It protects you from poison.
   Regen:     It increases your rate of health regeneration.
 K - a scarf of resistance (worn)
 P - a +0 hat of willpower (worn)
 Z - the +2 plate armour "Maezopon" {rElec Dex+4}
   (You found it on level 4 of the Depths)

   Dex:       It affects your dexterity (+4).
   rElec:     It insulates you from electricity.
Jewellery
 j - a +4 ring of slaying
 n - an amulet of the acrobat
 s - a ring of see invisible (right hand)
 t - a ring of protection from fire
 M - a ring of resist corrosion
 Q - the ring "Wuxkutz" (left hand) {rF- rC+ rN+ Dex+6 Slay+2}
   (You found it on level 4 of the Shoals)

   [ring of dexterity]

   Dex:       It affects your dexterity (+6).
   Slay:      It affects your accuracy & damage with ranged weapons and melee
   (+2).
   rF:        It makes you vulnerable to fire.
   rC:        It protects you from cold.
   rN:        It protects you from negative energy.
 R - the ring of Fyaj {rPois rC+++ Str-5 Stlth+}
   (You found it on level 3 of the Depths)

   [ring of poison resistance]

   Str:       It affects your strength (-5).
   rC:        It renders you almost immune to cold.
   rPois:     It protects you from poison.
   Stlth:     It makes you more stealthy.
 S - an amulet of reflection (around neck)
 T - a ring of willpower
 U - the ring of Intercession {rN+ Int+4 Slay+2}
   (You bought it in a shop on level 5 of the Depths)

   [ring of positive energy]

   Int:       It affects your intelligence (+4).
   Slay:      It affects your accuracy & damage with ranged weapons and melee
   (+2).
   rN:        It protects you from negative energy.
Wands
 f - a wand of charming (34)
 v - a wand of acid (35)
 y - a wand of mindburst (70)
 A - a wand of iceblast (38)
 B - a wand of paralysis (42)
 H - a wand of digging (6)
 J - a wand of flame (141)
Scrolls
 l - 26 scrolls of teleportation
 o - 9 scrolls of fear
 q - 5 scrolls of magic mapping
 u - 2 scrolls of holy word
 w - 2 scrolls of silence
 z - 3 scrolls of identify
 C - 8 scrolls of fog
 I - a scroll of blinking
 O - 2 scrolls of summoning
Potions
 c - a potion of ambrosia
 d - 5 potions of invisibility
 e - 11 potions of haste
 g - 5 potions of might
 h - 5 potions of magic
 i - 4 potions of cancellation
 m - 18 potions of curing
 E - 5 potions of mutation
 N - 10 potions of flight
 X - 2 potions of berserk rage
 Y - 2 potions of resistance


   Skills:
 + Level 24.5 Fighting
 - Level 26.0 Axes
 - Level 20.0 Bows
 + Level 24.4 Armour
 + Level 22.8 Dodging
 + Level 12.1 Evocations


You had 26 spell levels left.
You didn't know any spells.
Your spell library contained the following spells:

 Spells                   Type           Power      Damage    Failure   Level
 Animate Skeleton         Necr           0%         N/A       99%         1
 Apportation              Tloc           0%         N/A       99%         1
 Corona                   Hex            0%         N/A       99%         1
 Foxfire                  Conj/Fire      0%         2x1d4     99%         1
 Freeze                   Ice            0%         1d3       99%         1
 Magic Dart               Conj           0%         1d3       99%         1
 Shock                    Conj/Air       0%         1d3       99%         1
 Sting                    Tmut/Pois      0%         1d3       99%         1
 Summon Small Mammal      Summ           0%         N/A       99%         1
 Call Imp                 Summ           0%         N/A       99%         2
 Ensorcelled Hibernation  Hex/Ice        0%         N/A       99%         2
 Poisonous Vapours        Pois/Air       0%         N/A       99%         2
 Searing Ray              Conj           0%         3d3       99%         2
 Slow                     Hex            0%         N/A       99%         2
 Static Discharge         Conj/Air       0%         N/A       99%         2
 Call Canine Familiar     Summ           0%         N/A       100%        3
 Confusing Touch          Hex            0%         N/A       100%        3
 Conjure Flame            Conj/Fire      0%         6-21      100%        3
 Frozen Ramparts          Ice            0%         1d2       100%        3
 Gell's Gravitas          Tloc           0%         N/A       100%        3
 Inner Flame              Hex/Fire       0%         N/A       100%        3
 Lesser Beckoning         Tloc           0%         N/A       100%        3
 Mephitic Cloud           Conj/Pois/Air  0%         N/A       100%        3
 Ozocubu's Armour         Ice            0%         N/A       100%        3
 Portal Projectile        Hex/Tloc       0%         N/A       100%        3
 Spider Form              Tmut/Pois      0%         N/A       100%        3
 Summon Guardian Golem    Hex/Summ       0%         N/A       100%        3
 Swiftness                Air            0%         N/A       100%        3
 Teleport Other           Tloc           0%         N/A       100%        3
 Tukima's Dance           Hex            0%         N/A       100%        3
 Vampiric Draining        Necr           0%         2d6       100%        3
 Airstrike                Air            0%         N/A       100%        4
 Fulminant Prism          Conj/Hex       0%         3d6       100%        4
 Hailstorm                Conj/Ice       0%         3d3       100%        4
 Ice Form                 Ice/Tmut       0%         N/A       100%        4
 Iskenderun's Mystic Bla  Conj/Tloc      0%         2d3       100%        4
 Leda's Liquefaction      Hex/Erth       0%         N/A       100%        4
 Olgreb's Toxic Radiance  Pois           0%         N/A       100%        4
 Petrify                  Tmut/Erth      0%         N/A       100%        4
 Summon Ice Beast         Ice/Summ       0%         N/A       100%        4
 Summon Lightning Spire   Summ/Air       0%         N/A       100%        4
 Alistair's Intoxication  Tmut/Pois      0%         N/A       100%        5
 Bolt of Magma            Conj/Fire/Erth 0%         4d4       100%        5
 Borgnjor's Vile Clutch   Necr/Erth      0%         N/A       100%        5
 Freezing Cloud           Conj/Ice/Air   0%         6-21      100%        5
 Iskenderun's Battlesphe  Conj           0%         2d6       100%        5
 Lee's Rapid Deconstruct  Erth           0%         3d5*      100%        5
 Lightning Bolt           Conj/Air       0%         1d11      100%        5
 Metabolic Englaciation   Hex/Ice        0%         N/A       100%        5
 Summon Forest            Summ/Tloc      0%         N/A       100%        5
 Summon Mana Viper        Hex/Summ       0%         N/A       100%        5
 Yara's Violent Unravell  Hex/Tmut       0%         3d3       100%        5
 Dispersal                Tloc           0%         N/A       100%        6
 Eringya's Noxious Bog    Tmut/Pois      0%         N/A       100%        6
 Iron Shot                Conj/Erth      0%         9d1       100%        6
 Shadow Creatures         Summ           N/A        N/A       100%        6
 Simulacrum               Ice/Necr       0%         N/A       100%        6
 Malign Gateway           Summ/Tloc      0%         N/A       100%        7
 Monstrous Menagerie      Summ           0%         N/A       100%        7
 Spellforged Servitor     Conj/Summ      0%         N/A       100%        7
 Storm Form               Tmut/Air       0%         N/A       100%        7
 Maxwell's Capacitive Co  Air            0%         ∞         100%        8
 Death's Door             Necr           0%         N/A       100%        9
 Polar Vortex             Ice            0%         N/A       100%        9


Dungeon Overview and Level Annotations

Branches:
Dungeon (15/15)            Temple (0/1) D:5            Lair (6/6) D:11
 Shoals (4/4) Lair:4        Snake (4/4) Lair:2        Slime (0/5) Lair:6
    Orc (2/2) D:12            Elf (0/3) Orc:2        Vaults (5/5) D:13
  Crypt (0/3) Vaults:2     Depths (5/5) D:15            Zot (5/5) Depths:5
 Bailey (visited)         Volcano (visited)

Altars:
Ashenzari
Cheibriados
Dithmenos
Elyvilon
Fedhas
Gozag
Hepliaklqana
Kikubaaqudgha
Nemelex Xobeh
Trog
Uskayaw
Vehumet
Wu Jian
Xom
Yredelemnul
Zin
The Shining One
Jiyva
Lugonu

Shops:
D:4 *   D:8 *   D:9 [   Orc:2 [:??   Snake:1 *   Snake:2 ??[*[*(?   Snake:3 (
Snake:4 **   Vaults:3 [   Vaults:5 (   Depths:1 [   Depths:5 =[?[

Portals:
Hell: Depths:1 Depths:2 Depths:3 Depths:4 Depths:5
Abyss: Depths:3 Depths:4 Depths:5
Pandemonium: Orc:2 Depths:3 Depths:4 Depths:5
Ziggurat: Depths:2

Annotations:
D:6 2 transporters
D:9 exclusion: ice statue
D:10 2 runed translucent doors
D:15 3 runed translucent doors
Lair:3 exclusion: 4 oklob plants
Lair:6 2 transporters, Hydra2011's ghost, journeyman KoAr
Shoals:2 2 transporters, 1 runed translucent door, Jafont's ghost, journeyman HOFE
Shoals:3 1 runed translucent door, KappaVara's ghost, adept DsFi
Snake:4 3 runed translucent doors, exclusion: obsidian statue, Dittersdorf's ghost, adept MiBe


Innate Abilities, Weirdness & Mutations

You have a pair of horns on your head.
You reflexively headbutt those who attack you in melee.
You have a beak for a mouth.
You are clumsy. (Dex -2)


Message History

The Orb Guardian hits you! The Orb Guardian hits you!!!
You slice the Orb Guardian!! Your headbutt misses the Orb Guardian.
The Orb Guardian is moderately wounded.
The Orb Guardian barely misses you.
You slice the Orb Guardian!! You peck the Orb Guardian!
The Orb Guardian is severely wounded.
The Orb Guardian hits you! You block the Orb Guardian's attack.
You slash the Orb Guardian! You headbutt the Orb Guardian.
Your peck misses the Orb Guardian.
The Orb Guardian is severely wounded.
The Orb Guardian closely misses you. You furiously retaliate!
You headbutt the Orb Guardian! The Orb Guardian barely misses you.
You closely miss the Orb Guardian.
The Orb Guardian is almost dead.
The Orb Guardian hits you but does no damage.
The Orb Guardian barely misses you.
You closely miss the Orb Guardian. Your headbutt misses the Orb Guardian.
You peck the Orb Guardian, but do no damage.
The Orb Guardian is almost dead.
You slice the Orb Guardian!!
The moth of wrath goads the Orb Guardian on!
The Orb Guardian goes berserk!
You block the Orb Guardian's attack. The Orb Guardian hits you!!!
The Orb Guardian barely misses you. You furiously retaliate!
You headbutt the Orb Guardian! The Orb Guardian hits you!!!
* * * LOW HITPOINT WARNING * * *
The Orb Guardian hits you!
* * * LOW HITPOINT WARNING * * *
The Orb Guardian completely misses you.
Okay, then.
You feel yourself speed up. The Orb Guardian hits you!
* * * LOW HITPOINT WARNING * * *
The Orb Guardian barely misses you.
The Orb Guardian hits you but does no damage.
The Orb Guardian hits you.
* * * LOW HITPOINT WARNING * * *
The Orb Guardian hits you!!!
You die...

▓▓..............^.......▓..X,,,^
▓▓.........................,,,,
▓▓....................(.▓.^.,,,,
▓▓.....................(.▓*.X,,,,
▓........................▓**.^,,,
▓........................# ******
▓▓..^.............y.....##
▓▓..............X....▓##
▓▓.^..........@X.▓▓▓▓
▓▓.....##▓▓▓▓▓▓▓▓▓▓▓#
##...............)...###
##................##.[[.##
##..................###...#######
#..^^................###)........
#.^.......^..........# ##........
#....................# #........
#....................# ##.......


You could see 2 Orb Guardians and a moth of wrath.

Vanquished Creatures
  4 ancient liches
  2 orbs of fire (Zot:5)
  2 juggernauts
  Boris (4 times) (Vaults:3 Vaults:5 Depths:1 Depths:2)
  Sojobo (Depths:1)
  Bai Suzhen (Vaults:4)
  Margery (Depths:2)
  3 Killer Klowns
  4 curse toes
  Saint Roka (Orc:2)
  2 caustic shrikes (Depths:4)
  Nikola (Shoals:3)
  11 golden dragons
  2 bone dragons (Depths:5)
  4 electric golems
  17 tentacled monstrosities
  Rupert (Orc:2)
  4 liches
  17 Orb Guardians (Zot:5)
  9 titans
  3 quicksilver dragons
  4 krakens (Shoals:2)
  3 acid blobs (Zot:4)
  9 death cobs
  6 sphinxes
  10 shadow dragons
  6 tengu reavers
  6 draconian monks
  12 nagarajas
  An iron dragon (Depths:4)
  13 storm dragons
  9 fire giants
  3 frost giants
  A deep elf sorcerer (Vaults:4)
  Louise (Shoals:3)
  6 draconian knights
  4 ghost moths
  16 vault wardens
  9 draconian shifters
  2 draconian annihilators
  7 draconian scorchers
  23 ironbound preservers
  6 draconian stormcallers
  2 spriggan defenders (Depths:4)
  25 very ugly things
  18 stone giants
  3 war gargoyles (Vaults:5)
  The ghost of groll the Cleaver, a journeyman MiBe of Trog (Lair:4)
  2 elemental wellsprings (Shoals:3)
  A vampire knight (Depths:4)
  10 green draconians
  11 white draconians
  A deep elf demonologist (Vaults:1)
  Azrael (D:12)
  12 black draconians
  3 entropy weavers
  12 red draconians
  A deep elf annihilator (Vaults:5)
  4 spark wasps
  3 dire elephants
  8 purple draconians
  25 yellow draconians
  12 ettins
  Josephine (Lair:4)
  7 yaktaur captains
  12 fire dragons
  8 merfolk impalers
  6 merfolk javelineers
  3 deep elf high priests
  Erolcha (Orc:2)
  A peacekeeper (Vaults:4)
  16 naga warriors
  7 hydras
  Fannar (Orc:1)
  8 ironbound thunderhulks
  4 boulder beetles
  10 great orbs of eyes
  2 ogre magi
  2 hell beasts
  3 salamander tyrants (Snake:4)
  12 ice dragons
  3 rakshasas
  A catoblepas (D:14)
  37 vault guards
  4 spriggan air magi
  9 ironbound frosthearts
  6 anacondas
  2 alligator snapping turtles
  10 centaur warriors
  6 merfolk aquamancers
  A death knight (D:14)
  9 two-headed ogres
  7 deep troll shamans
  4 merfolk avatars
  4 orc high priests (Orc:2)
  5 tengu warriors
  4 death yaks (Lair:6)
  Urug (D:11)
  4 satyrs
  5 deep troll earth magi
  A titan zombie (Vaults:5)
  4 ironbound beastmasters
  2 spriggan berserkers
  8 shock serpents
  13 hell knights
  11 naga sharpshooters
  3 sun demons
  7 soul eaters
  6 skeletal warriors
  A storm dragon zombie (Depths:1)
  8 iron trolls
  3 salamander mystics
  69 deep trolls
  3 sixfirhies
  A large abomination (Abyss:3)
  A death drake (shapeshifter) (Vaults:4)
  2 ghost moth zombies (Zot:3)
  7 flayed ghosts
  15 sea snakes
  A gelid demonspawn (Depths:3)
  12 wizards
  7 lindwurms
  A torturous demonspawn (Orc:2)
  6 naga ritualists
  5 phantasmal warriors
  4 glowing orange brains
  A golden dragon skeleton (Vaults:5)
  An obsidian statue (Volcano)
  3 deep elf pyromancers
  9 ironbound convokers
  5 mana vipers
  16 harpies
  5 necromancers
  5 wolf spiders
  8 orc sorcerers
  6 oklob plants
  12 orc knights
  A draconian zombie (Zot:3)
  A salamander (shapeshifter) (Depths:5)
  A shadow dragon skeleton (Vaults:5)
  65 ugly things
  A frost giant zombie (Depths:1)
  22 moths of wrath
  17 fauns
  8 salamanders
  9 cyclopes
  23 manticores
  A sphinx skeleton (Depths:1)
  13 merfolk sirens
  29 black mambas
  7 guardian serpents
  3 rust devils
  21 vault sentinels
  8 water nymphs
  8 apocalypse crabs (Depths:3)
  2 orange demons
  14 naga magi
  4 torpor snails (Lair:6)
  A gargoyle (D:14)
  5 elephants (Lair:6)
  An eye of devastation (shapeshifter) (Vaults:5)
  A torpor snail (shapeshifter) (Vaults:5)
  2 smoke demons
  7 cane toads
  2 unseen horrors (D:11)
  7 rime drakes
  2 efreet (D:15)
  16 komodo dragons
  28 yaktaurs
  2 ice devils (Depths:5)
  5 tengu conjurers
  2 hellwings
  2 red devils
  51 merfolk
  A yaktaur skeleton (Vaults:5)
  A merfolk (shapeshifter) (Vaults:5)
  A jumping spider (Vaults:1)
  7 wind drakes
  3 polar bears
  6 hornets (Lair:6)
  A shadow dragon simulacrum (Vaults:5)
  5 trolls
  A troll (shapeshifter) (D:14)
  A tengu simulacrum (Vaults:5)
  3 tyrant leeches (Lair:6)
  An ettin zombie (Vaults:5)
  A queen bee (Lair:3)
  A dream sheep (shapeshifter) (Vaults:5)
  11 snapping turtles
  A fire dragon zombie (Depths:1)
  16 slime creatures
  A fire giant simulacrum (Vaults:5)
  15 blink frogs
  A stone giant simulacrum (Depths:1)
  4 shadows
  A tarantella (Vaults:1)
  12 redbacks
  2 vampires
  A ynoxinul (Depths:3)
  11 fire bats (Volcano)
  16 wyverns
  12 water elementals
  2 fire elementals (D:12)
  56 yaks
  5 wraiths
  11 basilisks
  2 chaos spawn
  2 steam dragons
  9 vampire mosquitoes
  44 nagas
  An acid dragon (D:7)
  3 wargs
  2 two-headed ogre zombies (D:12)
  Duvessa (D:4)
  22 water moccasins
  6 hell hounds
  47 orc warriors
  A floating eye (Depths:2)
  2 black bears
  5 ice beasts
  A sky beast (D:5)
  10 ogres
  22 wolves
  A necrophage (D:7)
  5 centaurs
  3 phantoms
  A gnoll sergeant (Orc:1)
  2 wyvern zombies (D:7)
  12 bullfrogs
  4 scorpions
  Dowan (D:4)
  2 human skeletons (Vaults:5)
  A wyvern skeleton (D:5)
  2 troll zombies (D:12)
  A water moccasin skeleton (D:6)
  45 killer bees
  5 wights (D:8)
  A howler monkey (D:5)
  2 electric eels
  6 lava snakes (Volcano)
  6 centaur zombies
  2 bullfrog zombies (D:5)
  5 hounds
  25 orc priests
  A bullfrog skeleton (D:3)
  28 jellies
  3 iguanas
  15 orc wizards
  4 killer bee zombies
  3 ogre zombies (D:12)
  2 hound zombies (D:5)
  A hound skeleton (D:5)
  Robin (D:3)
  4 howler monkey zombies
  10 gnolls
  11 adders
  A river rat (Lair:3)
  3 white imps
  A worm (D:3)
  2 dart slugs
  74 orcs
  9 endoplasms
  4 giant cockroaches
  14 goblins
  7 hobgoblins
  11 jackals
  24 kobolds
  2 quokkas
  10 ball pythons
  3 bats
  5 frilled lizards
  A goblin skeleton (D:12)
  7 goblin zombies (D:12)
  2 hobgoblin skeletons (D:12)
  2 hobgoblin zombies (D:12)
  2 orc skeletons (D:12)
  11 orc zombies (D:12)
  5 rats
  2 bushes (Lair:5)
  13 tentacles (Shoals:2)
2117 creatures vanquished.

Vanquished Creatures (collateral kills)
  An ancient lich (Zot:5)
  Mennas (Depths:4)
  A quicksilver dragon (Depths:5)
  A tengu reaver (Depths:1)
  A nagaraja (Snake:4)
  2 vault wardens
  A draconian knight (Zot:5)
  A draconian shifter (Zot:5)
  2 very ugly things (Vaults:1)
  A stone giant (Depths:4)
  Aizul (Snake:1)
  A black draconian (Zot:2)
  A white draconian (Zot:5)
  A purple draconian (Zot:2)
  A fire dragon (Depths:1)
  2 ice dragons
  A vault guard (D:13)
  A torturous demonspawn (Orc:2)
  A glowing orange brain (Depths:1)
  A naga ritualist (Snake:4)
  A wizard (Depths:1)
  An ironbound convoker (Vaults:1)
  2 salamanders
  An orc sorcerer (Orc:2)
  A vault sentinel (Vaults:3)
  2 black mambas (Snake:4)
  A torpor snail (Lair:6)
  A rime drake (D:10)
  2 yaks (D:10)
  An orc (Orc:2)
36 creatures vanquished.

Vanquished Creatures (others)
  A draconian knight (Zot:1)
  A fire dragon (Depths:2)
  A boulder beetle (Lair:6)
  A manticore (Shoals:4)
  A black mamba (Lair:6)
  A chaos spawn (Abyss:3)
  A troll zombie (D:12)
  2 orcs (Orc:1)
  A quokka (shapeshifter) (Vaults:5)
  A bush (D:11)
  44 fungi
  162 plants
  21 tentacles (Shoals:2)
  2 withered plants (Lair:4)
240 creatures vanquished.

Grand Total: 2393 creatures vanquished

Notes
Turn   | Place    | Note
-------+----------+-------------------------------------------
     0 | D:1      | Gwenloh the Minotaur Berserker began the quest for the Orb.
     0 | D:1      | Reached XP level 1. HP: 19/19 MP: 0/0
   205 | D:1      | Found a faded altar of an unknown god.
   337 | D:1      | Reached XP level 2. HP: 27/27 MP: 1/1
   344 | D:1      | Reached skill level 4 in Axes
   991 | D:2      | Reached XP level 3. HP: 31/33 MP: 2/2
  1083 | D:2      | Reached ** piety under Trog
  1190 | D:2      | Reached XP level 4. HP: 40/40 MP: 3/3
  1196 | D:2      | Reached skill level 5 in Axes
  1322 | D:2      | Reached XP level 5. HP: 47/47 MP: 4/4
  2163 | D:3      | Reached XP level 6. HP: 55/55 MP: 5/5
  2187 | D:3      | Reached skill level 6 in Axes
  2708 | D:3      | Noticed Robin
  2721 | D:3      | Reached *** piety under Trog
  2725 | D:3      | Killed Robin
  2726 | D:3      | Reached skill level 5 in Fighting
  3295 | D:4      | Found Lycsete's General Store.
  3322 | D:4      | Noticed an orc warrior
  3338 | D:4      | Killed an orc warrior
  3339 | D:4      | Reached XP level 7. HP: 49/61 MP: 6/6
  3967 | D:4      | Noticed Duvessa
  3969 | D:4      | Noticed Dowan
  3982 | D:4      | Killed Duvessa
  3983 | D:4      | Reached skill level 7 in Axes
  3986 | D:4      | Killed Dowan
  3987 | D:4      | Reached skill level 5 in Armour
  4174 | D:5      | Entered Level 5 of the Dungeon
  4399 | D:5      | Found a basalt altar of Yredelemnul.
  4414 | D:5      | Reached skill level 5 in Dodging
  4417 | D:5      | Reached skill level 8 in Axes
  4417 | D:5      | Reached XP level 8. HP: 70/70 MP: 7/7
  4714 | D:5      | Found a staircase to the Ecumenical Temple.
  4859 | D:5      | Found a broken altar of Ashenzari.
  4867 | D:5      | Found a blossoming altar of Fedhas.
  4875 | D:5      | Found an opulent altar of Gozag.
  4880 | D:5      | Found a shimmering altar of Xom.
  4891 | D:5      | Found a shadowy altar of Dithmenos.
  4898 | D:5      | Found a sparkling altar of Nemelex Xobeh.
  4904 | D:5      | Found an ornate altar of the Wu Jian Council.
  5229 | D:5      | Reached **** piety under Trog
  5359 | D:5      | Identified a scroll of acquirement
  5363 | D:5      | Acquired a +0 broad axe of electrocution
  5380 | D:6      | Reached skill level 9 in Axes
  5551 | D:6      | Found a transporter.
  5567 | D:6      | Noticed a kobold demonologist
  5704 | D:6      | Noticed a kobold demonologist
  5720 | D:6      | Found a transporter.
  6324 | D:6      | Reached XP level 9. HP: 79/79 MP: 8/8
  6588 | D:7      | Reached skill level 10 in Axes
  7460 | D:8      | Reached skill level 11 in Axes
  7771 | D:8      | Reached XP level 10. HP: 72/90 MP: 9/9
  8087 | D:8      | Found Hiceal's Assorted Antiques.
  8090 | D:8      | Bought a scroll of identify for 52 gold pieces
  8091 | D:8      | Acquired the +4 battleaxe of the Wizarding Bear {drain, rF+
                  | Int+4}
  8198 | D:9      | Found a flagged portal.
  8218 | Bailey   | Entered a bailey
  8275 | Bailey   | Noticed an orc knight
  8450 | Bailey   | Killed an orc knight
  9077 | D:9      | Reached skill level 12 in Axes
  9204 | D:9      | Noticed an ice statue
  9240 | D:9      | Found a hide-covered altar of Uskayaw.
  9366 | D:9      | Found a snail-covered altar of Cheibriados.
  9416 | D:9      | Found Cheibriados's Comfort Zone.
  9735 | D:10     | Entered Level 10 of the Dungeon
 10012 | D:10     | Noticed an ice dragon
 10012 | D:10     | Found the +8 frozen axe "Frostbite" {freezing cloud, *Noise
                  | Fly rC+}
 10031 | D:10     | Killed an ice dragon
 10113 | D:10     | Reached skill level 13 in Axes
 10113 | D:10     | Reached XP level 11. HP: 78/99 MP: 8/10
 10374 | D:10     | Noticed a wolf spider
 10374 | D:10     | Noticed a wolf spider
 10375 | D:10     | Found a runed translucent gate.
 10376 | D:10     | Found a runed translucent door.
 10376 | D:10     | Found a runed translucent gate.
 10446 | D:10     | Found a runed translucent gate.
 10448 | D:10     | Noticed a wolf spider
 10448 | D:10     | Noticed a wolf spider
 10455 | D:10     | Found a runed translucent door.
 10516 | D:10     | Reached skill level 10 in Fighting
 10597 | D:10     | Killed a wolf spider
 10611 | D:10     | Killed a wolf spider
 10613 | D:10     | Killed a wolf spider
 10615 | D:10     | Killed a wolf spider
 10616 | D:10     | Reached skill level 10 in Armour
 10827 | D:11     | Reached skill level 14 in Axes
 11338 | D:11     | Found a staircase to the Lair.
 11519 | D:11     | Found a viscous altar of Jiyva.
 11677 | D:11     | Reached XP level 12. HP: 93/110 MP: 9/11
 11999 | Lair:1   | Entered Level 1 of the Lair of Beasts
 12015 | Lair:1   | Reached ***** piety under Trog
 12016 | Lair:1   | Reached skill level 10 in Dodging
 12113 | Lair:1   | Noticed a four-headed hydra
 12302 | Lair:1   | Killed a four-headed hydra
 12303 | Lair:1   | Reached skill level 15 in Axes
 13437 | Lair:2   | Got the Volume of Translocation and Malediction
 13450 | Lair:2   | Noticed an eight-headed hydra
 13458 | Lair:2   | Killed an eight-headed hydra
 13661 | Lair:2   | Found a staircase to the Snake Pit.
 13919 | Lair:2   | Reached skill level 16 in Axes
 14140 | Lair:2   | Noticed a six-headed hydra
 14151 | Lair:2   | Killed a six-headed hydra
 14271 | Lair:3   | Received a gift from Trog
 14276 | Lair:3   | Reached XP level 13. HP: 89/118 MP: 9/12
 14331 | Lair:3   | Found a dark tunnel.
 14340 | Volcano  | Entered a volcano
 14707 | Volcano  | Noticed a fire dragon
 14756 | Volcano  | Killed a fire dragon
 14759 | Volcano  | Found a radiant altar of Vehumet.
 15645 | Lair:3   | Reached skill level 17 in Axes
 15705 | Lair:3   | Identified the +4 war axe of Courage {pain, rPois rC++}
 15893 | Lair:4   | Noticed Josephine
 15901 | Lair:4   | Killed Josephine
 15992 | Lair:4   | Received a gift from Trog
 16328 | Lair:4   | Found a runed translucent door.
 16398 | Lair:4   | Noticed groll's ghost (journeyman MiBe)
 16617 | Lair:4   | Found a staircase to the Shoals.
 17026 | Lair:4   | Killed groll's ghost
 17504 | Lair:5   | Reached XP level 14. HP: 63/129 MP: 5/13
 17823 | Lair:5   | You fall into a shaft and drop 1 floor!
 17823 | Lair:6   | Entered Level 6 of the Lair of Beasts
 18556 | Lair:6   | Reached skill level 18 in Axes
 18998 | Lair:6   | Found a runed translucent door.
 19507 | Lair:6   | Found a staircase to the Slime Pits.
 19727 | Lair:6   | Found a transporter.
 19729 | Lair:6   | Found a transporter.
 19838 | Lair:6   | Noticed Hydra2011's ghost (journeyman KoAr)
 20688 | D:12     | Noticed Urug
 21104 | D:11     | Killed Urug
 21224 | D:12     | Received a gift from Trog
 21437 | D:12     | Reached skill level 19 in Axes
 21755 | D:12     | Noticed Azrael
 21770 | D:12     | Killed Azrael
 21865 | D:12     | Found a staircase to the Orcish Mines.
 22298 | Orc:1    | Entered Level 1 of the Orcish Mines
 22350 | Orc:1    | Reached XP level 15. HP: 129/139 MP: 14/14
 22884 | Orc:2    | Entered Level 2 of the Orcish Mines
 23448 | Orc:2    | Noticed Erolcha
 23467 | Orc:2    | Killed Erolcha
 23608 | Orc:2    | Noticed Rupert
 23700 | Orc:2    | Received a gift from Trog
 23834 | Orc:2    | Killed Rupert
 24230 | Orc:2    | Found a staircase to the Elven Halls.
 24325 | Orc:2    | Found Cosenum's Magic Scroll Shoppe.
 24331 | Orc:2    | Found Ikheivoe's Magic Scroll Emporium.
 24774 | Orc:2    | Noticed Saint Roka
 25448 | Orc:2    | Killed Saint Roka
 25624 | Orc:1    | Noticed Fannar
 25849 | Orc:1    | Received a gift from Trog
 25864 | Orc:1    | Killed Fannar
 26109 | Orc:2    | Bought a scroll of identify for 24 gold pieces
 26109 | Orc:2    | Bought a scroll of fear for 42 gold pieces
 26109 | Orc:2    | Bought a scroll of enchant weapon for 90 gold pieces
 26109 | Orc:2    | Bought a scroll of identify for 24 gold pieces
 26109 | Orc:2    | Bought a scroll of enchant armour for 90 gold pieces
 26128 | Orc:2    | Bought a scroll of identify for 28 gold pieces
 26200 | Orc:2    | Reached skill level 15 in Fighting
 26270 | Orc:2    | Reached skill level 20 in Axes
 26300 | Orc:2    | Found Deaxton's Book Shop.
 26300 | Orc:2    | Found a one-way gate leading to the halls of Pandemonium.
 26300 | Orc:2    | Found Oxutolics's Antique Armour Boutique.
 26734 | D:13     | Found a corrupted altar of Lugonu.
 26818 | D:13     | Found a gate to the Vaults.
 26854 | D:13     | Reached skill level 15 in Armour
 27858 | D:14     | Reached XP level 16. HP: 144/149 MP: 15/15
 28580 | D:14     | Found a broken altar of Ashenzari.
 28647 | D:14     | Found a white marble altar of Elyvilon.
 28647 | D:14     | Found a glowing golden altar of the Shining One.
 28647 | D:14     | Found a glowing silver altar of Zin.
 28771 | D:15     | Entered Level 15 of the Dungeon
 28852 | D:15     | Found a runed translucent gate.
 28852 | D:15     | Found a runed translucent gate.
 28855 | D:15     | Found a runed translucent gate.
 29501 | D:15     | Reached skill level 21 in Axes
 29735 | D:15     | Found a staircase to the Depths.
 30551 | Shoals:1 | Entered Level 1 of the Shoals
 30614 | Shoals:1 | Identified the +2 battleaxe "Faarhahe" {vorpal, Str+7}
                  | (Trog gifted it to you on level 1 of the Shoals)
 30614 | Shoals:1 | Received a gift from Trog
 32536 | Shoals:2 | Found a transporter.
 32536 | Shoals:2 | Found a transporter.
 32936 | Shoals:2 | Noticed a kraken
 32947 | Shoals:2 | Killed a kraken
 32948 | Shoals:2 | Reached skill level 15 in Dodging
 33293 | Shoals:2 | Noticed Jafont's ghost (journeyman HOFE)
 33293 | Shoals:2 | Noticed a kraken
 33868 | Shoals:2 | Reached XP level 17. HP: 159/159 MP: 16/16
 33885 | Shoals:2 | Noticed a kraken
 33914 | Shoals:2 | Killed a kraken
 34271 | Shoals:2 | Noticed a kraken
 35114 | Shoals:2 | Killed a kraken
 35297 | Shoals:2 | Noticed a kraken
 35302 | Shoals:2 | Killed a kraken
 35344 | Shoals:2 | Found a runed translucent door.
 35511 | Shoals:3 | Reached skill level 22 in Axes
 35660 | Shoals:3 | Received a gift from Trog
 35727 | Shoals:3 | Noticed Louise
 35748 | Shoals:3 | Cast into level 3 of the Abyss (Louise)
 35748 | Abyss:3  | Found a corrupted altar of Lugonu.
 35870 | Shoals:3 | Escaped the Abyss
 35886 | Shoals:3 | Killed Louise
 36098 | Shoals:3 | Noticed Nikola
 36121 | Shoals:3 | Killed Nikola
 36476 | Shoals:3 | Found a runed translucent door.
 36476 | Shoals:3 | Found a shimmering altar of Xom.
 36476 | Shoals:3 | Noticed KappaVara's ghost (adept DsFi)
 36559 | Shoals:3 | Identified the +4 spear of the End of Times {speed, rC+ rN+
                  | rCorr}
 37059 | Shoals:4 | Entered Level 4 of the Shoals
 38551 | Shoals:4 | Reached XP level 18. HP: 111/170 MP: 17/17
 39075 | Shoals:4 | Got Yquekan's Volume of Dark Magic and Summoning
 39545 | Shoals:4 | Got a barnacled rune of Zot
 39917 | Shoals:4 | Reached skill level 23 in Axes
 39923 | Shoals:4 | Identified the ring "Wuxkutz" {rF- rC+ rN+ Dex+6 Slay+2}
 40309 | Snake:1  | Entered Level 1 of the Snake Pit
 40614 | Snake:1  | Found Yshreadeuck's Assorted Antiques.
 40863 | Snake:1  | Noticed Aizul
 40874 | Snake:1  | Killed Aizul
 41531 | Snake:2  | Found Pacuga's Armour Shoppe.
 41581 | Snake:2  | Found Gib Fe Mio's General Store.
 41651 | Snake:2  | Found Odwupsob's Magic Scroll Boutique.
 41651 | Snake:2  | Found Vaasoof's Antique Armour Shop.
 41654 | Snake:2  | Found Gomeasy's Antique Weapon Boutique.
 41659 | Snake:2  | Bought a scroll of enchant armour for 127 gold pieces
 41659 | Snake:2  | Bought a scroll of blinking for 127 gold pieces
 41915 | Snake:2  | Found Xinyid's Assorted Antiques.
 41961 | Snake:2  | Found Vuciofet's Magic Scroll Boutique.
 41969 | Snake:2  | Bought a scroll of enchant armour for 127 gold pieces
 41969 | Snake:2  | Bought a scroll of enchant armour for 127 gold pieces
 42087 | Snake:2  | Found Xibol Vux's Magic Scroll Shop.
 42463 | Snake:3  | Found Ripnal's Weapon Emporium.
 42766 | Snake:3  | Found a hazy altar of Hepliaklqana.
 43883 | Snake:4  | Entered Level 4 of the Snake Pit
 43903 | Snake:4  | Found a runed translucent gate.
 43903 | Snake:4  | Found a runed translucent gate.
 43903 | Snake:4  | Found a runed translucent gate.
 43904 | Snake:4  | Found an opulent altar of Gozag.
 43905 | Snake:4  | Found Beasa's Assorted Antiques.
 43905 | Snake:4  | Noticed Dittersdorf's ghost (adept MiBe)
 43909 | Snake:4  | Found Moeryway's Assorted Antiques.
 44943 | Snake:4  | Received a gift from Trog
 45900 | Snake:4  | Reached XP level 19. HP: 177/179 MP: 18/18
 45962 | Snake:4  | Reached skill level 24 in Axes
 46056 | Snake:4  | Received a gift from Trog
 46061 | Snake:4  | Got a serpentine rune of Zot
 47252 | Vaults:1 | Entered Level 1 of the Vaults
 47678 | Snake:2  | Bought the +8 storm bow {elec, penet} for 2037 gold pieces
 47678 | Snake:2  | Found the +8 storm bow {elec, penet}
 47900 | D:4      | Bought a +4 ring of slaying for 936 gold pieces
 47900 | D:4      | Bought a scroll of enchant weapon for 90 gold pieces
 48630 | Vaults:1 | Received a gift from Trog
 49507 | Vaults:1 | Identified the +1 robe of Ceghy {-Tele rElec Regen+ Int+3}
 49549 | Vaults:1 | Found a radiant altar of Vehumet.
 50416 | Vaults:2 | Reached skill level 25 in Axes
 50643 | Vaults:2 | Received a gift from Trog
 50706 | Vaults:2 | Reached XP level 20. HP: 188/191 MP: 19/19
 50916 | Vaults:2 | Found a staircase to the Crypt.
 50916 | Vaults:2 | Found a basalt altar of Yredelemnul.
 50916 | Vaults:2 | Found an ancient bone altar of Kikubaaqudgha.
 51121 | Vaults:2 | You fall into a shaft and drop 1 floor!
 51284 | Vaults:3 | Noticed Boris
 51295 | Vaults:3 | Killed Boris
 51486 | Vaults:3 | Reached skill level 26 in Axes
 51490 | Vaults:3 | Reached skill level 1 in Bows
 52167 | Vaults:2 | Acquired the -1 pair of boots "Ykhlyitwy" {rPois Regen+
                  | Str+2}
 52511 | Vaults:2 | Received a gift from Trog
 52956 | Vaults:2 | Reached skill level 5 in Bows
 53898 | Vaults:3 | Found Janeupyu's Armour Shoppe.
 55261 | Vaults:4 | Received a gift from Trog
 55624 | Vaults:4 | Reached XP level 21. HP: 199/199 MP: 7/20
 57126 | Vaults:5 | Entered Level 5 of the Vaults
 57127 | Vaults:5 | Noticed Bai Suzhen
 57138 | Vaults:5 | Noticed an ancient lich
 57155 | Vaults:5 | Killed an ancient lich
 57156 | Vaults:5 | Reached skill level 10 in Bows
 57251 | Vaults:4 | Killed Bai Suzhen
 57418 | Vaults:5 | Received a gift from Trog
 57708 | Vaults:5 | Reached ****** piety under Trog
 57722 | Vaults:5 | Identified the +6 arbalest "Fezut" {elec, Dex+2}
 57731 | Vaults:5 | Paralysed by a sphinx for 2 turns
 58202 | Vaults:5 | Reached XP level 22. HP: 210/210 MP: 7/21
 58330 | Vaults:5 | Identified the +5 trident "Bogoagem" {pain, rPois rF+
                  | Will+}
 58554 | Vaults:5 | Got a silver rune of Zot
 58567 | Vaults:5 | Found the +3 robe of Clouds {+Thunder rCloud rElec}
 58612 | Vaults:5 | Identified the +8 battleaxe of Income {vorpal, rF+} (Trog
                  | gifted it to you on level 5 of the Vaults)
 58612 | Vaults:5 | Received a gift from Trog
 58884 | Vaults:5 | Found the necklace of Bloodlust {*Rage +Rage Will++ Int-3
                  | Slay+6}
 59389 | Vaults:5 | Noticed a golden dragon
 59399 | Vaults:5 | Killed a golden dragon
 59541 | Vaults:5 | Got the Handbook of Agnosticism
 59619 | Vaults:5 | Noticed a golden dragon
 59632 | Vaults:5 | Killed a golden dragon
 59702 | Vaults:5 | Noticed Boris
 59714 | Vaults:5 | Killed Boris
 60065 | Vaults:5 | Found Jatasul's Antique Weapon Shoppe.
 60751 | Depths:1 | Entered Level 1 of the Depths
 60776 | Depths:1 | Found Pothiph's Armour Boutique.
 61432 | Depths:1 | Noticed Sojobo
 61447 | Depths:1 | Noticed Boris
 61580 | Depths:1 | Paralysed by an air elemental for 1 turns
 61674 | Depths:1 | Killed Sojobo
 61702 | Depths:1 | Killed Boris
 62571 | Depths:1 | Received a gift from Trog
 62693 | Depths:1 | Got the Almanac of Dislocation
 62931 | Depths:1 | Found a gateway to Hell.
 63155 | Depths:1 | Reached XP level 23. HP: 220/220 MP: 22/22
 63556 | Depths:2 | Noticed a juggernaut
 63609 | Depths:1 | Reached skill level 15 in Bows
 63787 | Depths:2 | Killed a juggernaut
 63998 | Depths:2 | Found a gateway to a ziggurat.
 64048 | Depths:2 | Received a gift from Trog
 64125 | Depths:2 | You fall into a shaft and drop 1 floor!
 64260 | Depths:3 | Found a bloodstained altar of Trog.
 64580 | Depths:2 | Noticed Margery
 64611 | Depths:2 | Killed Margery
 64717 | Depths:2 | Paralysed by a floating eye for 4 turns
 64729 | Depths:2 | Paralysed by a floating eye for 4 turns
 64743 | Depths:2 | Paralysed by a floating eye for 4 turns
 64899 | Depths:2 | Noticed Boris
 64917 | Depths:2 | Killed Boris
 65602 | Depths:2 | Paralysed by a floating eye for 3 turns
 65738 | Depths:3 | Found a one-way gate to the infinite horrors of the Abyss.
 66025 | Depths:3 | Identified the ring of Fyaj {rPois rC+++ Str-5 Stlth+}
 66028 | Depths:3 | Identified the +8 dagger of Exoneration {drain, Str+2}
 66133 | Depths:3 | Received a gift from Trog
 66951 | Depths:4 | Noticed Mennas
 66976 | Depths:4 | HP: 9/220 [Mennas (46)]
 66976 | Depths:4 | Killed Mennas
 67084 | Depths:4 | You fall into a shaft and drop 1 floor!
 67084 | Depths:5 | Entered Level 5 of the Depths
 67574 | Depths:4 | Identified the +2 plate armour "Maezopon" {rElec Dex+4}
 67748 | Depths:4 | Reached XP level 24. HP: 220/228 MP: 7/22
 67921 | Depths:4 | Reached skill level 1 in Evocations
 68019 | Depths:4 | Received a gift from Trog
 68271 | Depths:4 | Found the ring of the Octopus King
 68296 | Depths:4 | Identified the +12 rapier of the Land of Plenty {freeze,
                  | rPois rC+ Str+2}
 68302 | Depths:4 | Identified a ring of the Octopus King {Wiz AC+1 EV+1 Str+1
                  | Int+1 Dex+1}
 68528 | Depths:5 | Noticed a juggernaut
 68539 | Depths:5 | Killed a juggernaut
 69076 | Depths:5 | Found Cunn's Jewellery Boutique.
 69163 | Depths:5 | Found Resasem's Armour Emporium.
 69165 | Depths:5 | Found Weom's Magic Scroll Shoppe.
 69167 | Depths:5 | Found Udemm's Armour Emporium.
 69191 | Depths:5 | Found a gate to the Realm of Zot.
 69477 | Depths:5 | Bought a scroll of fear for 49 gold pieces
 69477 | Depths:5 | Bought a scroll of fog for 28 gold pieces
 69477 | Depths:5 | Bought a scroll of fog for 28 gold pieces
 69588 | Depths:5 | Bought the ring of Intercession {rN+ Int+4 Slay+2} for 569
                  | gold pieces
 69642 | Depths:5 | Reached skill level 5 in Evocations
 69689 | Depths:5 | Identified the +3 ring mail of Sutamp {Will- rCorr Str+3
                  | Stlth+}
 70030 | Snake:2  | Bought a scroll of enchant weapon for 127 gold pieces
 70030 | Snake:2  | Bought 2 scrolls of enchant weapon for 255 gold pieces
 70330 | Zot:1    | Entered Level 1 of the Realm of Zot
 71264 | Depths:5 | Received a gift from Trog
 71451 | Depths:5 | Reached XP level 25. HP: 179/238 MP: 7/22
 74151 | Zot:2    | Received a gift from Trog
 75651 | Zot:3    | Noticed an ancient lich
 75662 | Zot:3    | Killed an ancient lich
 76488 | Zot:3    | Reached XP level 26. HP: 210/250 MP: 7/22
 76857 | Zot:3    | Identified the +3 dagger "Hoontoz" {vorpal, Str+2} (Trog
                  | gifted it to you on level 3 of the Realm of Zot)
 76857 | Zot:3    | Received a gift from Trog
 77558 | Zot:4    | Reached skill level 10 in Evocations
 78223 | Zot:4    | Identified the +5 great mace "Tampaarr" {flame, Drain rPois
                  | Will+ Str+2}
 78618 | Zot:5    | Entered Level 5 of the Realm of Zot
 79016 | Zot:5    | Received a gift from Trog
 79812 | Zot:5    | Noticed an ancient lich
 79825 | Zot:5    | Killed an ancient lich
 79912 | Zot:5    | Noticed an ancient lich
 79928 | Zot:5    | Killed an ancient lich
 80019 | Zot:5    | Noticed an orb of fire
 80020 | Zot:5    | Noticed an ancient lich
 80027 | Zot:5    | Gained mutation: You are clumsy. (Dex -2) [an orb of fire]
 80029 | Zot:5    | Gained mutation: You are frail. (-10% HP) [an orb of fire]
 80035 | Zot:5    | Killed an orb of fire
 80043 | Zot:5    | Killed an ancient lich
 80044 | Zot:5    | Reached XP level 27. HP: 62/234 MP: 7/22
 80198 | Zot:4    | Lost mutation: You are frail. (-10% HP) [potion of
                  | mutation]
 80198 | Zot:4    | Gained mutation: You have a beak for a mouth. [potion of
                  | mutation]
 80487 | Zot:5    | Noticed an orb of fire
 80505 | Zot:5    | Killed an orb of fire
 80975 | Zot:5    | Mangled by an Orb Guardian

Illustrated notes

Levels and vault maps discovered:
D:1:      erik_arrival_triangle_small, layout_basic,
          hellmonk_ecumenical_altar_heavens_door
D:2:      layout_basic, minmay_misc_feat_roman, hex_medium, cheibrodos_gnoll_hut
D:3:      layout_loops_cross, chequers_serial_rivers_small_3, moated_statue,
          minmay_fractal_squares_5, uniq_robin
D:4:      layout_loops_ring, serial_shops, shop, minmay_misc_feat_room,
          uniq_duvessa
D:5:      layout_loops_corners, grunt_temple_overflow_octagram,
          nicolae_yredelemnul_corpse_copse, minmay_temple_entry_steel_oval
D:6:      gammafunk_wand_slinger, layout_loops_corners, chequers_mini_garden,
          kennysheep_nondescript
D:7:      minmay_general_purpose_star, layout_loops_cross
D:8:      layout_cave_pools, serial_shops, kennysheep_mini_moat
D:9:      layout_basic, eat_drink_and_be_merry_uskayaw, enter_bailey_6,
          minivault_16, minmay_shop_chei
D:10:     minmay_coctagon, layout_basic, minmay_guarded_unrand_staff_of_olgreb
D:11:     layout_loops_corners, minmay_lair_entry_grove, jiyva_altar_1
D:12:     layout_rooms, zombieorc2_lemuel, uniq_azrael, uniq_urug
D:13:     layout_basic, erik_vaults_2, tgw_lugonu_bribe
D:14:     layout_cave_pools, good_gods_mini_temple, nicolae_ashenzari_skybound
D:15:     grunt_enter_depths_hoard, layout_irregular_city,
          portal_ice_cave_entry_pillars_1,
          ploomutoo_gammafunk_ghost_potion_laboratory,
          ebering_dispersal_statue_hall
Lair:1:   dpeg_oklob_gauntlet, layout_chaotic_city, serial_bayou_shore_a,
          grunt_megastairs_2
Lair:2:   layout_loops_ring, minmay_snake_entry_guardpost_small
Lair:3:   hangedman_what_comes_after_a, layout_misc_corridors,
          nicolae_volcano_entry_hallway
Lair:4:   layout_loops_ring, elwin_shoals_entry_rooms, gammafunk_ghost_grave,
          minivault_19, minmay_hedge_maze, hibernation_bobbens, uniq_josephine
Lair:5:   layout_roguey, grunt_megastairs_4
Lair:6:   wormcave, layout_layer_cave, nicolae_slime_entry_slimehenge,
          gammafunk_ghost_hive, minivault_11, grunt_forest_small_clearing_treed,
          infiniplex_staircase_pool_2
Shoals:1: layout_shoals, nicolae_shoals_nautilus_by_nature, ldierk_geyser
Shoals:2: nicolae_shoals_lighthouse, layout_shoals, ebering_ghost_davey_jones
Shoals:3: layout_shoals, ebering_ghost_xom, nicolae_shoals_spring_well_temple,
          uniq_louise, uniq_nikola
Shoals:4: shoals_end_simple, layout_shoals, kb_tengu_band
Snake:1:  layout_misc_corridors, serial_shops, nicolae_take_the_stairs,
          nrook_guardian_serpent_double, uniq_aizul
Snake:2:  layout_misc_corridors, serial_shops,
          nicolae_shop_temple_entry_statues_fountains, shop,
          nicolae_lakefront_shop, nicolae_shop_statue_plus,
          nicolae_coiled_stairwell_up, minmay_shoptagon
Snake:3:  layout_honeycomb, basic_altar, serial_shops, nicolae_diamond_shop,
          grunt_ministairs_12
Snake:4:  grunt_snake_rune_spirals, layout_onion_interference,
          ebering_ghost_gozag, drop_trap
Orc:1:    minmay_goldmine, layout_diamond_mine, uniq_fannar
Orc:2:    pf_orc_diabolical, layout_caves, uniq_erolcha, uniq_saint_roka,
          uniq_rupert
Vaults:1: v_misc_4, v_pattern_1, grunt_tower_of_power, v_misc_29,
          ontoclasm_vaults_hangar, ontoclasm_vaults_fault,
          vaults_standard_mumra_x, vaults_room_door_ring, ontoclasm_vaults_eye,
          v_misc_25, ontoclasm_vaults_shuriken, vaults_room_semicircle,
          layout_vaults_ring
Vaults:2: v_misc_24, nicolae_vaults_network_square, hangedman_vaults_variations,
          v_alt_pattern_5, nicolae_vaults_sealed_display,
          minmay_crypt_entry_necro_gods, v_misc_12, v_misc_28,
          vaults_room_semicircle, layout_vaults_maze_snakey
Vaults:3: v_misc_28, ontoclasm_vaults_ring_large, v_rooms_3,
          vaults_standard_mumra_lines, v_misc_22, st_lattice,
          nicolae_vaults_little_squares_3, vaults_mumra_hexcomb,
          layout_vaults_big_room, serial_shops, nicolae_shop_trees, uniq_boris
Vaults:4: v_misc_28, hangedman_vaults_unwind, nicolae_vaults_little_squares_6,
          vaults_dpeg_encased_lava, ontoclasm_vaults_ring_square, v_pattern_2,
          ontoclasm_vaults_bender, nicolae_vaults_alarming,
          nicolae_vaults_little_squares_1, nicolae_vaults_angled_halls,
          v_alt_pattern_6, v_misc_22, v_misc_5, vaults_room_stairs_pillars,
          layout_vaults_omnicross
Vaults:5: serial_shops, uniq_bai_suzhen
Depths:1: layout_cave_shapes, kennysheep_cross_room, serial_shops, shop,
          hell_entry, serial_co_window_serial, co_window_paths_a,
          co_window_paths_b, co_window_corner_a, co_window_corner_a,
          co_window_of_opportunity_a, co_window_corner_cb, co_window_cross_3,
          co_window_unsneaky_path_a, co_window_unsneaky_path_b,
          co_window_unsneaky_path_d, co_window_paths_c, co_window_corner_b,
          co_window_paths_d, glass_columns_a, kennysheep_kite_vault, uniq_sojobo
Depths:2: minmay_quantized_circle, layout_cave_pools, enter_ziggurat_d,
          grunt_metal_band
Depths:3: gammafunk_mikee_crab_dinner, layout_gridlike, lemuel_round_altar,
          hell_entry, grunt_pan_entry_sceptre, abyss_entry_small_statue_room,
          st_stairs_10
Depths:4: minmay_nine_rooms, layout_cave_shapes, pf_hell_entry_great_geh,
          rand_demon_pan_entry_4, nrook_campfire, abyss_entry_crystal,
          infiniplex_staircase_spiral_double, uniq_margery, uniq_mennas
Depths:5: grunt_zot_entry_alcove, layout_cave_shapes, kennysheep_doodads,
          grunt_pan_entry_spiral, serial_shops, shop_fountains, pf_coc_iceberg,
          abyss_entry, minmay_shop_star, serial_bayou_shore_b,
          serial_bayou_shore_b
Zot:1:    layout_onion, st_stairs_14, hangedman_zot_wheel_spokes
Zot:2:    grunt_twist_and_shout, layout_onion_interference, st_stairs_9
Zot:3:    layout_gridville, hangedman_snap_crack_crunch
Zot:4:    lemuel_acid_trip, layout_onion_interference
Zot:5:    layout_cathedral_of_symmetry, skrybe_zot_glass_1

Skill      XL: |  1  2  3  4  5  6  7  8  9 10 11 12 13 14 15 16 17 18 19 20 21 22 23 24 25 26 27 |
---------------+----------------------------------------------------------------------------------+-----
Axes           | 4 5 6 8 9 11 13 14 16 17 19 20 21 22 23 25 26 | 26.0
Fighting       | 4 5 6 7 8 9 11 12 13 14 15 16 17 18 19 20 21 22 23 24 | 24.5
Armour         | 3 4 5 6 8 9 10 11 13 14 15 16 17 18 19 20 21 23 24 | 24.4
Dodging        | 3 4 5 6 7 8 9 11 12 13 14 15 16 17 18 19 20 21 22 | 22.8
Bows           | 7 11 14 19 20 | 20.0
Evocations     | 6 9 11 12 | 12.1

Action                   |  1- 3 |  4- 6 |  7- 9 | 10-12 | 13-15 | 16-18 | 19-21 | 22-24 | 25-27 || total
-------------------------+-------+-------+-------+-------+-------+-------+-------+-------+-------++-------
Melee: Hand axe          |    61 |   113 |    98 |       |       |       |       |       |       ||   272
       Headbutt          |     9 |    17 |    39 |    73 |   166 |   236 |   199 |   186 |   150 ||  1075
       Broad axe         |       |       |   105 |     5 |       |       |       |       |       ||   110
       Battleaxe         |       |       |       |    76 |    21 |     3 |       |       |       ||   100
       Executioner's axe |       |       |       |   172 |   737 |   858 |   602 |   564 |   425 ||  3358
       Dire flail        |       |       |       |    12 |       |       |       |       |       ||    12
       Peck              |       |       |       |       |       |       |       |       |    25 ||    25
       Unarmed           |       |       |       |       |       |       |       |       |     8 ||     8
 Fire: Hunting sling     |       |    37 |    97 |   106 |       |       |       |       |       ||   240
       Fustibalus        |       |       |       |    89 |   307 |    54 |       |       |       ||   450
       Shortbow          |       |       |       |     3 |     7 |       |       |       |       ||    10
       Arbalest          |       |       |       |       |       |   233 |    61 |       |       ||   294
       Longbow           |       |       |       |       |       |       |   306 |   797 |   657 ||  1760
Throw: Stone             |    26 |    45 |       |       |       |       |       |       |       ||    71
       Boomerang         |       |       |       |    41 |    44 |     3 |       |       |       ||    88
Invok: Berserk           |     1 |     3 |     5 |     3 |    14 |     5 |     2 |     3 |       ||    36
       Trog's Hand       |     1 |     1 |     7 |     7 |    20 |    31 |     7 |     5 |     6 ||    85
       Brothers in Arms  |       |       |       |     2 |     6 |     2 |     6 |     6 |     5 ||    27
Evoke: Wand              |       |       |       |     1 |     9 |    11 |       |       |     2 ||    23
  Use: Scroll            |       |       |    13 |     8 |    10 |    14 |     5 |    10 |     8 ||    68
       Potion            |       |       |       |     2 |     4 |     2 |     1 |     4 |     5 ||    18
 Stab: Distracted        |       |       |       |       |     1 |     1 |       |       |       ||     2
Armor: Leather armour    |     8 |       |       |       |       |       |       |       |       ||     8
       Ring mail         |     7 |     5 |       |    19 |       |       |       |       |       ||    31
       Scale mail        |       |    26 |    60 |    10 |       |       |       |       |       ||    96
       Ice dragon scales |       |       |       |    78 |   129 |       |       |       |       ||   207
       Plate armour      |       |       |       |       |   179 |   414 |   439 |   413 |     8 ||  1453
       Gold dragon scale |       |       |       |       |       |       |       |       |   303 ||   303
       Skin              |       |       |       |       |       |       |       |       |     1 ||     1
Dodge: Dodged            |    40 |    92 |   181 |   284 |   719 |  1117 |   720 |   537 |   394 ||  4084
Block: Other             |       |       |       |       |       |       |       |       |    65 ||    65
       Reflection        |       |       |       |       |       |       |       |       |     3 ||     3
